Unix NetHack Version 5.0.0-0 post-release - last build Jun 10 2026 00:39:30 (3ee93aec679c4c4259841fe613dc97188e26a321,branch:main).

Game began 2026-06-14 14:34:59, ended 2026-06-14 16:00:23.

Denia, lawful female dwarven Valkyrie

                              ---        ---             ###*
                             --.--     ---.----          #*`#`
                           ---<..-------....|.#----#- #####
                           |....^..............^....#########
                          --.------------.i.......-.........##
                          |..|.----..|--..............###-#..#
                         --.....|....||....-#-....g@..##-#-#.#---
                         |..........----.--####.................|
                    ---- |.....---.--  --- *#*--....|...#-##..-.|
                   --..---...--- ---           |....|....--.-...|
               --- |.........|                 |.............#..---
  --------------.--|-.......--                 --.--..............-
 --.*.............||........|      ------       -----.--..--...--
 |...----------..----.......--  ----....|           -----....---
 --.--       --........--...%----.......|               ###-.#
  ---      ---....(.-.---`....|.........---                #.---
          --..............................---              #...|
          |.....................--.--(...|..|              --.--
          |.......^`...........-------..---.|               ---
          --.----.|!--..|.|.----     ----  --
           --   -------------
Denia the Fighter           St:18/01 Dx:12 Co:18 In:9 Wi:10 Ch:12  Lawful
Dlvl:10 $:891 HP:0(69) Pw:11(11) AC:2  Xp:6 T:3238 

Latest messages:
 You hear crashing rock.
 The tengu vanishes!
 Really step onto that squeaky board? [yn] (n) n
 You swap places with the peaceful gnome.
 You swap places with the peaceful gnome.
 You swap places with the peaceful gnome.
 You swap places with the peaceful gnome lord.
 The gnome lord falls into a pit!
 The gnome lord is killed!
 The tengu appears!
 The tengu vanishes!
 The tengu appears close by!
 You hear crashing rock.
 The tengu vanishes!
 Really step into that spiked pit? [yn] (n) n
 The tengu appears!
 The tengu appears!
 You hear crashing rock.
 You are carrying too much to get through.
 You are carrying too much to get through.
 You are carrying too much to get through.
 The tengu appears!
 The tengu vanishes!
 You are beginning to feel hungry.
 What do you want to eat? [fhrtuHIL or ?*] ?
 Blecch!  Rotten food!
 You finish eating the food ration.
 The gargoyle hits!
 The gargoyle hits again!
 The gargoyle bites!
 You miss the gargoyle.
 The gargoyle hits!
 The gargoyle hits again!
 The gargoyle bites!
 You hit the gargoyle!
 The gargoyle just misses!
 The gargoyle hits!
 The gargoyle bites!
 You miss the gargoyle.
 The gargoyle hits!
 The gargoyle hits again!
 The gargoyle bites!
 You miss the gargoyle.
 The gargoyle hits!
 You die...
 Do you want your possessions identified? [ynq] (y) y
 Do you want to see your attributes? [ynq] (y) y
 Do you want an account of creatures vanquished? [ynaq] (y) y
 Do you want to see your conduct and achievements? [ynq] (y) y
 Do you want to see the dungeon overview? [ynq] (y) y

Inventory:
 Coins    ('$')
  $ - 891 gold pieces
 Weapons  (')')
  b - a +0 dagger (alternate weapon; not wielded)
  a - a +1 dwarvish spear (weapon in right hand)
 Armor    ('[')
  G - a cursed -1 pair of fumble boots
  k - an uncursed +0 pair of high boots
  s - an uncursed +0 pair of iron shoes (being worn)
  c - an uncursed +3 small shield (being worn)
  g - a blessed +0 leather armor (being worn)
 Comestibles  ('%')
  f - an uncursed apple
  H - an uncursed cram ration
  I - 2 uncursed food rations
  t - 9 cursed food rations
  u - a cursed lembas wafer
  r - 2 uncursed tripe rations
  h - 2 uncursed lichen corpses
  L - an uncursed lizard corpse
 Scrolls  ('?')
  x - a cursed scroll of amnesia
  v - a cursed scroll of create monster
  C - an uncursed scroll of destroy armor
  i - an uncursed scroll of enchant weapon
  w - a cursed scroll of genocide
  z - an uncursed scroll of identify
  o - an uncursed scroll of scare monster
  q - an uncursed scroll of teleportation
 Wands    ('/')
  B - a cursed wand of probing (0:1)
 Tools    ('(')
  n - an uncursed lock pick
  K - 6 blessed tallow candles
 Gems/Stones  ('*')
  O - an uncursed amethyst stone
  N - 2 uncursed aquamarine stones
  M - an uncursed worthless piece of red glass
  e - an uncursed worthless piece of yellowish brown glass

Denia the Valkyrie's attributes:

Background:
 You were a Fighter, a level 6 dwarven Valkyrie.
 You were lawful, on a mission for Tyr
 who was opposed by Odin (neutral) and Loki (chaotic).
 You were right-handed.
 You were in the Gnomish Mines, on level 10.
 You entered the dungeon 3238 turns ago.
 There was a new moon in effect when your adventure ended.
 You had 385 experience points, 255 more were needed to attain level 7.

Basics:
 You had 0 out of 69 hit points.
 You had all 11 energy points (spell power).
 Your armor class was 2.
 Your wallet contained 891 zorkmids.
 Autopickup was off.

Final Characteristics:
 Your strength was 18/01 (limit:18/100).
 Your dexterity was 12 (limit:20).
 Your constitution was 18 (limit:20).
 Your intelligence was 9 (limit:16).
 Your wisdom was 10 (limit:16).
 Your charisma was 12 (limit:16).

Final Status:
 You weren't hungry.
 You were unencumbered.
 You were wielding a spear.
 You had basic skill with spear and could have enhanced that.

Final Attributes:
 You were piously aligned.
 You were cold resistant.
 You had infravision.
 You were stealthy.
 You were warded.
 You are dead.

Miscellaneous:
 You encountered 1 bones level.
 Total elapsed playing time was 1 hour, 16 minutes and 2 seconds.

Major events:
 Turn
    1: Denia the lawful dwarven Valkyrie entered the dungeon
  867: attained the rank of Skirmisher (level 3)
  940: entered the Gnomish Mines
 1768: reached Mine Town
 2448: attained the rank of Fighter (level 6)
 3238: killed by a gargoyle

You didn't know any spells.

Skills:
 Fighting Skills
   bare handed combat [Unskilled]
   two weapon combat  [Unskilled]
   riding             [Unskilled]
 Weapon Skills
   dagger             [Basic]
   axe                [Unskilled]
   pick-axe           [Unskilled]
   short sword        [Unskilled]
   broadsword         [Unskilled]
   long sword         [Unskilled]
   two-handed sword   [Unskilled]
   saber              [Unskilled]
   hammer             [Unskilled]
   quarterstaff       [Unskilled]
   polearms           [Unskilled]
   spear              [Basic]
   trident            [Unskilled]
   lance              [Unskilled]
   sling              [Unskilled]
 Spellcasting Skills
   attack spells      [Unskilled]
   escape spells      [Unskilled]

Voluntary challenges:
 Character rerolling was not enabled.
 You never genocided any monsters.
 You never polymorphed an object.
 You never changed form.
 You used no wishes.
Achievements:
 You entered a shop.
 You attained the rank of Skirmisher.
 You entered the Gnomish Mines.
 You entered Minetown.
 You entered a temple.
 You attained the rank of Fighter.

 The Dungeons of Doom: levels 1 to 4
    Level 1:
    Level 2:
       A fountain, a sink, a grave.
    Level 3:
       A scroll shop, some fountains.
    Level 4:
       Stairs down to The Gnomish Mines.
 The Gnomish Mines: levels 5 to 10
    Level 5:
    Level 6:
       Final resting place for
          DiePARTEI-Tou-Hum-Mal-Neu, killed by a dwarf zombie, while praying.
    Level 7:
    Level 8:
       Many shops, a temple and an altar to Tyr, some fountains.
    Level 9:
    Level 10: <- You were here.
       Final resting place for
          you, killed by a gargoyle.


Vanquished creatures:
  a lizard
  a human zombie
  a quasit
  a mountain nymph
  2 Mordor orcs
 an orc shaman
  2 yellow lights
  a gnome leader
  a ghoul
  2 giant ants
  a dwarf
  2 kobold leaders
  a kobold shaman
  2 giant bats
  a dwarf zombie
 an iguana
  2 hobgoblins
  a giant rat
  a yellow mold
  a red mold
  6 gnomes
  a gnome zombie
  3 geckos
  2 jackals
  2 foxes
  a kobold
  2 goblins
  2 sewer rats
  4 grid bugs
  3 lichens
  8 newts
60 creatures vanquished.

No species were genocided or became extinct.

Game over:
                       ----------
                      /          \
                     /    REST    \
                    /      IN      \
                   /     PEACE      \
                  /                  \
                  |      Denia       |
                  |      891 Au      |
                  |   killed by a    |
                  |     gargoyle     |
                  |                  |
                  |                  |
                  |       2026       |
                 *|     *  *  *      | *
        _________)/\\_//(\/(/\)/\//\/|_)_______

Farvel Denia the Valkyrie...

You died in The Gnomish Mines on dungeon level 10 with 2802 points,
and 891 pieces of gold, after 3238 moves.
You were level 6 with a maximum of 69 hit points when you died.

